 Dungeon Crawl Stone Soup version 0.27-a0-1591-gc56fcc985a (webtiles) character file.

Game seed: 6557562584167687000

0 tilp the Caller (level 1, 0/13 HPs)
             Began as a Barachi Summoner on July 19, 2021.
             Slain by a ball python (1 damage)
             ... on level 1 of the Dungeon.
             The game lasted 00:00:29 (52 turns).

tilp the Caller (Barachi Summoner)                    Turns: 52, Time: 00:00:29

Health: 0/13       AC:  2    Str:  9    XL:     1   Next: 10%
Magic:  0/3        EV:  9    Int: 15    God:
Gold:   0          SH:  0    Dex: 12    Spells: 3/4 levels left

rFire    . . .     SeeInvis .   (no weapon)
rCold    . . .     Faith    .   (no shield)
rNeg     . . .     Spirit   .   a - +0 robe
rPois    .         Reflect  .   (no helmet)
rElec    .         Harm     .   (no cloak)
rCorr    .         Rampage  .   (no gloves)
Will     .....                  (no boots)
Stlth    ++........             (no amulet)
HPRegen  0.04/turn              (no ring)
MPRegen  0.08/turn              (no ring)

@: constricted, slow
A: amphibious, slowness 1, strong legs 1, +LOS
a: Hop


You were on level 1 of the Dungeon.
You visited 1 branch of the dungeon, and saw 1 of its levels.

Inventory:

Armour
 a - a +0 robe (worn)
Potions
 b - a potion of might {unknown}


   Skills:
 + Level 0.2 Fighting
 - Level 2.1 Dodging
 - Level 1.7 Stealth
 - Level 2.1 Spellcasting
 - Level 4.8 Summonings


You had 3 spell levels left.
You knew the following spells:

 Your Spells              Type           Power      Damage    Failure   Level
a - Summon Small Mammal   Summ           64%        N/A       3%          1

Your spell library contained the following spells:

 Spells                   Type           Power      Damage    Failure   Level
 Call Imp                 Summ           16%        N/A       4%          2
 Call Canine Familiar     Summ           16%        N/A       9%          3
 Summon Guardian Golem    Hex/Summ       8%         N/A       24%         3
 Summon Lightning Spire   Summ/Air       8%         N/A       63%         4


Dungeon Overview and Level Annotations

Branches:
Dungeon (1/15)

Altars:


Innate Abilities, Weirdness & Mutations

You are amphibious.
You cover ground slowly.
You can hop short distances.
You have an extended range of vision and can be seen from far away.


Message History

Your quokka closely misses the quokka.
The quokka misses your quokka.
Your quokka closely misses the quokka.
The quokka bites your quokka.
Your quokka dies!
Your quokka's corpse disappears in a puff of smoke!
Your bat barely misses the quokka.
The quokka bites your bat but does no damage.
Your bat misses the quokka.
Your bat closely misses the quokka.
Your bat closely misses the quokka.
The quokka barely misses your bat.
Your bat hits the quokka. x2; The quokka bites your bat.
You swap places.
Your bat hits the quokka.
The quokka dies!
Your bat misses the ball python. The ball python barely misses your bat.
The ball python grabs your bat. The ball python constricts your bat.
Unknown command.
Your bat struggles to escape constriction. x2
Your bat escapes!
Your bat misses the ball python.
Unknown command.
Your bat hits the ball python. x2; The ball python bites your bat.
Your bat dies!
Your bat's corpse disappears in a puff of smoke!
The ball python hisses angrily.
Unknown command.
Casting: Summon Small Mammal (safe; 3% risk of failure)
Confirm with . or Enter, or press ? or * to list all spells.
The ball python bites you.
* * * LOW HITPOINT WARNING * * *
The ball python closely misses you. x3
You barely miss the ball python.
The ball python is severely wounded.
The ball python misses you. The ball python grabs you.
The ball python constricts you.
Your quokka barely misses the ball python.
Unknown command.
You barely miss the ball python.
The ball python is severely wounded.
The ball python bites you.
* * * LOW HITPOINT WARNING * * *
You die...

###.......
........
.####.b...
........g#
.........######..
#####..#........#
#. #g######.# ..
#S#.rS.# ..
#.#<@#.# ##
#.####.# #.gg..g#
########


You could see a ball python (ally target) and a friendly quokka (summoned).

Vanquished Creatures (collateral kills)
  A quokka (D:1)
1 creature vanquished.

Notes
Turn   | Place    | Note
-------+----------+-------------------------------------------
     0 | D:1      | tilp the Barachi Summoner began the quest for the Orb.
     0 | D:1      | Reached XP level 1. HP: 13/13 MP: 3/3
    52 | D:1      | Slain by a ball python

Illustrated notes

Levels and vault maps discovered:
D:1:      zelgadis_glass_arrival_small, layout_basic, minmay_vboxes

Action                   || total
-------------------------++-------
Melee: Unarmed           ||     8
 Cast: Summon Small Mamm ||     6
Armor: Robe              ||     2
Dodge: Dodged            ||     7

Table legend: (Time is in decaauts)
 A = Elapsed time spent in this place.
 B = Non-inter-level travel time spent in this place.
 C = Inter-level travel time spent in this place.
 D = Time resting spent in this place.
 E = Time spent auto-exploring this place.
 F = Levels seen in this place.
 G = Mean time per level.
                   A        B        C        D        E       F      G
               +--------+--------+--------+--------+--------+-----+--------+
         Total |     58 |     58 |      0 |      0 |     12 |   1 |   58.0 |
       Dungeon |     58 |     58 |      0 |      0 |     12 |   1 |   58.0 |
               +--------+--------+--------+--------+--------+-----+--------+

Top non-repeatable levels by time:
     D:1: 58 daAuts
